 Dungeon Sprint DCSS version 0.15-a0-970-ga23ad50 (webtiles) character file.

187 Bubba the Conjurer (level 5, -2/25 HPs)
             Began as a Vine Stalker Conjurer on May 23, 2014.
             Was a Believer of Kikubaaqudgha.
             Slain by an orc warrior
             ... wielding a +0,+0 flail
              (4 damage)
             ... in the Dungeon (Sprint VII: "The Pits").
             The game lasted 00:08:22 (519 turns).

Bubba the Conjurer (Vine Stalker Conjurer)           Turns: 519, Time: 00:08:23

HP  -2/25        AC  7     Str 11      XL: 5   Next: 66%
MP   0/16        EV 12     Int 13 (16) God: Kikubaaqudgha [**....]
Gold 0           SH  0     Dex 14      Spells:  3 memorised,  7 levels left

rFire  . . .     SeeInvis .     u - +2,+0 quarterstaff (protect)
rCold  . . .     Clarity  .     a - +0 robe
rNeg   . . .     Conserve .     (no shield)
rPois  .         rCorr    .     (no helmet)
rElec  .         rRot     +     (no cloak)
SustAb .         Spirit   +     (no gloves)
rMut   .         Warding  .     (no boots)
Gourm  .         NoTele   +     (no amulet)
MR     .....                    (no ring)
                                (no ring)

@: not resistant to hostile enchantments, unstealthy
A: fangs 2, regeneration 1, magic shield, antimagic bite, no device heal 2
a: Receive Corpses, Renounce Religion


You were in the Dungeon.
You worshipped Kikubaaqudgha.
Kikubaaqudgha was pleased with you.
You were not hungry.

You visited 1 branch

Inventory:

Hand weapons
 u - a +2,+0 quarterstaff of protection (weapon)
Armour
 a - a +0 robe (worn)
Comestibles
 b - 8 bread rations
 j - 40 strawberries
 k - 7 meat rations
Scrolls
 i - a scroll of blinking
 m - 2 scrolls of vulnerability
 n - 3 scrolls of remove curse
 o - 5 scrolls of amnesia
Potions
 d - 6 potions of curing
 e - a potion of invisibility
 f - a potion of haste
 h - 3 potions of berserk rage
Books
 c - a book of Conjurations

   Spells                             Type                      Level
   *Magic Dart                        Conjuration                  1
   Searing Ray                        Conjuration                  2
   Dazzling Spray                     Conjuration/Hexes            3
   Fulminant Prism                    Conjuration/Hexes            4
   *Iskenderun's Mystic Blast         Conjuration                  4
   Iskenderun's Battlesphere          Conjuration/Charms           5
 r - Kikubaaqudgha's Compendium of Black Rituals
   (Kikubaaqudgha gifted it to you in the Dungeon)

   Spells                             Type                      Level
   *Animate Skeleton                  Necromancy                   1
   Corpse Rot                         Necromancy                   2
   Sublimation of Blood               Necromancy                   2
   Vampiric Draining                  Necromancy                   3
   Control Undead                     Necromancy                   4
Magical staves
 l - an uncursed staff of energy


   Skills:
 + Level 0.8 Fighting
 + Level 0.3 Staves
 - Level 2.2 Dodging
 - Level 3.5 Stealth
 - Level 0.6 Unarmed Combat
 + Level 4.7 Spellcasting
 * Level 10.0 Conjurations
 * Level 2.8 Necromancy


You had 7 spell levels left.
You knew the following spells:

 Your Spells              Type           Power        Failure   Level  Hunger
a - Magic Dart            Conj           ####         1%          1    None
b - Animate Skeleton      Necr           N/A          10%         1    None
c - Iskenderun's Mystic   Conj           ####....     3%          4    ####...


Dungeon Overview and Level Annotations

Branches:
Dungeon (1/1)

Altars:
Ashenzari
Cheibriados
Dithmenos
Elyvilon
Fedhas
Kikubaaqudgha
Makhleb
Nemelex Xobeh
Okawaru
Sif Muna
Trog
Vehumet
Xom
Yredelemnul
Zin
The Shining One
Beogh
Jiyva
Lugonu

Annotations:
D Grinder


Innate Abilities, Weirdness & Mutations

You are immune to rotting.
You have extremely sharp teeth.
Your natural rate of healing is unusually fast.
When hurt, damage is shared between your health and your magic reserves.
Your bite disrupts and absorbs the magic of your enemies.
Potions and wands cannot restore your health.


Message History

Grinder is almost dead.
The orb of energy explodes!
The mystic blast hits the orc warrior.
The orc warrior is severely wounded.
Grinder gestures.
Grinder blinks!
Unknown command.
Unknown command.
Casting: Iskenderun's Mystic Blast
Confirm with . or Enter, or press ? or * to list all spells.
Aiming: Iskenderun's Mystic Blast
Press: ? - help, Shift-Dir - straight line, f/p - Grinder
Aim: Grinder (almost dead)
The orb of energy misses the orc warrior.
The orb of energy hits the orc.
The orb of energy explodes!
The orc priest invokes the aid of Beogh against you.
Something smites you!
* * * LOW HITPOINT WARNING * * *
The orc warrior hits you with a flail.
You die...
Kikubaaqudgha rasps: "You have failed me!
Welcome... death!"

#)))#.#.(##.....
#######'#####.....
#...........'.....
#'#####%#####.....
#.#[[#..%..##.....
#.#))#####'#####'#
#.#).#.....##.....
#.#))#..%..##.....
#@#.!###%####.....
#o##'#.....##...<.
#o#........##.....
#)#%.......##.....
#o###########.....


#pp ###### #o5. #...# #.##. You could see Grinder, an orc warrior, 2 slaves, 2
orc priests and an orc.

Vanquished Creatures
  A slave (D)
  A sky beast (D)
  A brain worm (D)
  A worker ant (D)
  A gnoll (D)
  A giant mite (D)
  A kobold (D)
  A quokka (D)
  A ball python (D)
  A giant newt skeleton (D)
  A rat (D)
11 creatures vanquished.

Vanquished Creatures (others)
  A pale draconian (D)
  A deep elf death mage (D)
  A small abomination (D)
  A kobold skeleton (D)
  A quokka skeleton (D)
  A rat skeleton (D)
6 creatures vanquished.

Grand Total: 17 creatures vanquished

Notes
Turn   | Place    | Note
--------------------------------------------------------------
     0 | D        | Bubba, the Vine Stalker Conjurer, began the quest for the Orb.
     0 | D        | Reached XP level 1. HP: 9/9 MP: 3/3
    11 | D        | Noticed a brain worm
    17 | D        | Killed a pale draconian
    25 | D        | Killed a brain worm
    25 | D        | Reached skill level 7 in Conjurations
    25 | D        | Reached XP level 2. HP: 3/14 MP: 1/7
    25 | D        | Reached XP level 3. HP: 3/17 MP: 1/9
    25 | D        | Reached XP level 4. HP: 3/21 MP: 1/10
    65 | D        | Found a basalt altar of Yredelemnul.
    65 | D        | Found a shadowy altar of Dithmenos.
    65 | D        | Found a deep blue altar of Sif Muna.
    65 | D        | Found a burning altar of Makhleb.
    65 | D        | Found a shimmering altar of Xom.
    65 | D        | Found an ancient bone altar of Kikubaaqudgha.
    65 | D        | Found a sparkling altar of Nemelex Xobeh.
    66 | D        | Found a glowing golden altar of the Shining One.
    66 | D        | Found a bloodstained altar of Trog.
    66 | D        | Found a shattered altar of Ashenzari.
    66 | D        | Found a white marble altar of Elyvilon.
    66 | D        | Found a snail-covered altar of Cheibriados.
    66 | D        | Found a blossoming altar of Fedhas.
    66 | D        | Found a radiant altar of Vehumet.
    66 | D        | Found a glowing silver altar of Zin.
    66 | D        | Found a corrupted altar of Lugonu.
    66 | D        | Found a viscous altar of Jiyva.
    66 | D        | Found a roughly hewn altar of Beogh.
    66 | D        | Found an iron altar of Okawaru.
    71 | D        | Became a worshipper of Kikubaaqudgha
   134 | D        | Acquired Kikubaaqudgha's first power
   134 | D        | Received a gift from Kikubaaqudgha
   134 | D        | Reached skill level 8 in Conjurations
   135 | D        | Identified Kikubaaqudgha's Compendium of Black Rituals (Kikubaaqudgha gifted it to you in the Dungeon)
   138 | D        | Learned a level 1 spell: Animate Skeleton
   202 | D        | Killed a deep elf death mage
   295 | D        | Noticed a worker ant
   297 | D        | Noticed a sky beast
   300 | D        | Reached skill level 1 in Necromancy
   309 | D        | Killed a worker ant
   366 | D        | HP: 1/21 [sky beast (3)]
   388 | D        | Killed a sky beast
   388 | D        | Acquired Kikubaaqudgha's second power
   388 | D        | Reached skill level 9 in Conjurations
   388 | D        | Reached XP level 5. HP: 3/25 MP: 0/16
   484 | D        | Learned a level 4 spell: Iskenderun's Mystic Blast
   503 | D        | Noticed a slave
   503 | D        | Noticed a slave
   503 | D        | Noticed a slave
   503 | D        | Noticed an orc warrior
   503 | D        | Noticed an orc priest
   505 | D        | Noticed an orc priest
   509 | D        | Noticed Grinder
   511 | D        | Reached skill level 10 in Conjurations
   514 | D        | Killed a slave
   519 | D        | Slain by an orc warrior

Action                   |  1- 3 |  4- 6 || total
-------------------------+-------+-------++-------
Melee: Unarmed           |     8 |       ||     8
       Quarterstaff      |       |     5 ||     5
 Cast: Magic Dart        |     6 |    27 ||    33
       Animate Skeleton  |       |     3 ||     3
       Iskenderun's Myst |       |     7 ||     7
  Use: Potion            |       |     5 ||     5
       Scroll            |       |     1 ||     1
